cohdb
Replays
Latest Replays
All Replays
Popular Replays
Top Player Replays
Match Explorer
How It Works
Community
CoH3 Stats
Reddit
Sign in to upload your games and track your stats! →
Sign in with Steam
Match 47259412
Unlisted
Match 47259412
Overview
Messages
Build Orders
End
Royal Engineer Section
Construct Section Command Post
Selects Canadian Shock Battlegroup
Infantry Section
Infantry Section
Selects Attacking Spirit
Selects Canadian Shock Section
Canadian Shock Section
Construct Platoon Command Post
Grenade Package
Selects Incendiary Munitions
Humber Armored Car
Unlock Bishop Self-propelled Artillery
Canadian Shock Section
Bishop Self-propelled Artillery
Selects Pyrotechnics
Bishop Self-propelled Artillery
Construct Field Infirmary
Light Vehicle Training
6-pounder Anti-tank Gun Team
6-pounder Anti-tank Gun Team
Edgar✪
Haxpetten
Gooral
[PD]Folscher
0
0
Comments
sign in to comment!
No comments posted yet!